 Dungeon Crawl Stone Soup version 0.22-a0-398-g8bb545f (webtiles) character file.

1497 suvakkihuora the Contemplative (level 8, 0/55 HPs)
             Began as an Octopode Wanderer on May 5, 2018.
             Was a Priest of Cheibriados.
             Hit by a tomahawk thrown by an orc warrior (14 damage)
             ... on level 6 of the Dungeon.
             The game lasted 00:10:49 (4446 turns).

suvakkihuora the Contemplative (Octopode Wanderer)  Turns: 4446, Time: 00:10:49

Health: 0/55       AC:  8    Str: 20    XL:     8   Next: 81%
Magic:  12/12      EV: 15    Int: 22    God:    Cheibriados [***...]
Gold:   194        SH:  5    Dex: 18    Spells: 7/12 levels left

rFire    + . .     SeeInvis .   v - +2 flail (protect)
rCold    . . .     Gourm    .   t - +0 buckler
rNeg     . . .     Faith    .   (helmet restricted)
rPois    .         Spirit   .   (no amulet)
rElec    .         Reflect  .   m - ring of protection from fire
rCorr    .         Harm     .   (no ring)
MR       .....                  (no ring)
Stlth    ++++......             (no ring)
HPRegen  0.18/turn              (no ring)
MPRegen  0.13/turn              (no ring)
                                (no ring)
                                (no ring)

@: protection aura, very slow
A: almost no armour, stealthy swim, amphibious, 8 rings, constrict 8, camouflage
1, gelatinous body 1
a: Bend Time, Temporal Distortion, Renounce Religion


You were on level 6 of the Dungeon.
You worshipped Cheibriados.
Cheibriados was most pleased with you.
You were hungry.

You visited 1 branch of the dungeon, and saw 6 of its levels.

You collected 194 gold pieces.

Inventory:

Hand Weapons
 v - a +2 flail of protection (weapon)
Missiles
 a - a throwing net
 o - 4 tomahawks (quivered)
Armour
 t - a +0 buckler (worn)
Jewellery
 m - a ring of protection from fire (left tentacle)
 u - an uncursed ring of fire
Wands
 w - a wand of disintegration (9)
Scrolls
 e - 4 scrolls of remove curse
 f - 4 scrolls of teleportation {unknown}
 g - a scroll of magic mapping {unknown}
 h - a scroll of enchant weapon {unknown}
 j - 2 scrolls of immolation
 l - a scroll of random uselessness
 n - 2 scrolls of fear
 p - a scroll of blinking
 r - 2 scrolls of identify
Potions
 c - 3 potions of curing
 i - 3 potions of flight {unknown}
 k - 2 potions of heal wounds
 q - a potion of degeneration {unknown}
 s - a potion of invisibility {unknown}
 x - 2 potions of lignification {unknown}
Comestibles
 b - 4 chunks of flesh
 d - 8 rations


   Skills:
 - Level 5.0 Fighting
   Level 2.0 Staves
 - Level 3.9 Dodging
 - Level 3.6 Stealth
 * Level 4.1 Shields
 * Level 4.9 Unarmed Combat
 - Level 2.8 Spellcasting
 - Level 6.0 Invocations
 - Level 2.1 Evocations


You had 7 spell levels left.
You knew the following spells:

 Your Spells              Type           Power        Failure   Level  Hunger
a - Blink                 Tloc           N/A          19%         2    ##.....
b - Conjure Flame         Conj/Fire      #.......     36%         3    ###....


Dungeon Overview and Level Annotations

Branches:
Dungeon (6/15)             Temple (0/1) D:4

Altars:
Cheibriados
Fedhas
Kikubaaqudgha

Shops:
D:4 %


Innate Abilities, Weirdness & Mutations

You cannot wear most types of armour.
You are very stealthy in the water. (Stealth+)
You are amphibious.
You can wear up to eight rings at the same time.
You can use your tentacles to constrict eight enemies at once.
Your skin changes colour to match your surroundings (Stealth+).
Your rubbery body absorbs attacks. (AC +1, EV +1)


Message History

The orc misses you. The orc wizard casts a spell at you.
The magic dart hits you!
* * * LOW HITPOINT WARNING * * *
An ooze comes into view.
Unknown command.
The ooze quivers.
You hit the orc wizard. You grab the orc wizard. You squeeze the orc wizard.
The orc wizard is moderately wounded.
You constrict the orc wizard. You block the orc wizard's attack.
The orc closely misses you. The orc wizard barely misses you.
Unknown command.
Unknown command.
You hit the orc wizard.
The orc wizard is almost dead.
You constrict the orc wizard.
You kill the orc wizard!
Cheibriados thoroughly appreciates the change of pace.
The orc warrior throws a tomahawk.
The tomahawk hits you!
You die...

#...........................#.
#...........................+.
#...........................#.
#.......<...................#.
#...........................##
#S............................
#.............##########'###..
c....######....†.#......÷.....#..
..... #....o@#............#..
..... #.....)#...>........#..
.o... #......##'####......#..
..... #......#....#########..
##### #......#....h# #..
#..Jo..#O....# .P..
#......#.....# .P.P
#......#.....# ...P +.....# ..P.


You could see an orc warrior, an ooze and an orc.

Vanquished Creatures
  An ice beast (D:6)
  A sky beast (D:5)
  A necrophage (D:3)
  A phantom (D:4)
  2 centaurs (D:5)
  2 ogres
  2 bullfrogs (D:6)
  A scorpion (D:4)
  A howler monkey (D:5)
  A crimson imp (D:6)
  2 orc priests
  2 bullfrog zombies (D:6)
  A centaur skeleton (D:6)
  3 orc wizards
  A worker ant (D:4)
  2 hound zombies
  A howler monkey zombie (D:6)
  3 howler monkey skeletons
  7 adders
  4 oozes
  6 worms
  5 dart slugs
  6 leopard geckos
  25 orcs
  2 ball pythons
  9 bats
  3 giant cockroaches
  9 goblins
  4 hobgoblins
  5 jackals
  4 kobolds
  4 quokkas
  4 frilled lizards
  A jackal skeleton (D:4)
  7 rats
133 creatures vanquished.

Vanquished Creatures (others)
  A withered plant (D:6)
1 creature vanquished.

Grand Total: 134 creatures vanquished

Notes
Turn   | Place    | Note
-------+----------+-------------------------------------------
     0 | D:1      | suvakkihuora the Octopode Wanderer began the quest for the Orb.
     0 | D:1      | suvakkihuora set off with: a +2 quarterstaff, a +0 mace, a potion of curing, a ration
     0 | D:1      | Reached XP level 1. HP: 18/18 MP: 2/2
    33 | D:1      | Reached skill level 1 in Dodging
    33 | D:1      | Reached XP level 2. HP: 14/24 MP: 3/3
   306 | D:1      | Reached XP level 3. HP: 27/29 MP: 4/4
   795 | D:2      | Reached XP level 4. HP: 25/35 MP: 5/5
  1038 | D:2      | Reached skill level 1 in Spellcasting
  1342 | D:2      | Found a snail-covered altar of Cheibriados.
  1352 | D:2      | Became a worshipper of Cheibriados the Contemplative
  1617 | D:3      | Reached XP level 5. HP: 33/39 MP: 7/7
  1646 | D:3      | Learned a level 2 spell: Blink
  1650 | D:3      | Learned a level 3 spell: Conjure Flame
  1862 | D:3      | Reached * piety under Cheibriados
  1931 | D:3      | Reached skill level 1 in Invocations
  2069 | D:3      | Noticed a necrophage
  2078 | D:3      | Killed a necrophage
  2078 | D:3      | Reached skill level 2 in Invocations
  2078 | D:3      | Reached XP level 6. HP: 42/45 MP: 9/9
  2403 | D:4      | Reached skill level 3 in Invocations
  2606 | D:4      | Found an ancient bone altar of Kikubaaqudgha.
  2711 | D:4      | Reached ** piety under Cheibriados
  2764 | D:4      | Found Umaa's Food Shop.
  2791 | D:4      | Reached XP level 7. HP: 30/50 MP: 11/11
  2838 | D:4      | Reached skill level 1 in Unarmed Combat
  2838 | D:4      | Reached skill level 4 in Invocations
  2899 | D:4      | Found a staircase to the Ecumenical Temple.
  3244 | D:5      | Entered Level 5 of the Dungeon
  3282 | D:5      | Found a blossoming altar of Fedhas.
  3588 | D:5      | Reached skill level 1 in Shields
  3931 | D:5      | Reached skill level 5 in Invocations
  4004 | D:5      | Reached XP level 8. HP: 43/55 MP: 12/12
  4244 | D:6      | Reached *** piety under Cheibriados
  4392 | D:6      | Reached skill level 6 in Invocations
  4446 | D:6      | Hit by a tomahawk thrown by an orc warrior

Vault maps used:
D:1:      lightli_arrival_maybe_door_vault
D:2:      kennysheep_slug_shrine, first_ration, minivault_11, dk_vineyard_3
D:4:      old_standard_altar, minmay_temple_entry_metal_lava, serial_shops,
          nicolae_shop_window_shopping
D:5:      lemuel_doored_altar
D:6:      kennysheep_mini_moat, serial_shops, kennysheep_mini, serial_undead,
          serial_undead_d, serial_undead_e, serial_undead_e, serial_undead_b,
          serial_undead_b, serial_undead_c, basic_altar, kennysheep_dice

Skill      XL: |  1  2  3  4  5  6  7  8 |
---------------+-------------------------+-----
Dodging        | 1 2 3 |  3.9
Stealth        | 2 3 |  3.6
Spellcasting   | 1 2 |  2.8
Invocations    | 2 3 5 6 |  6.0
Unarmed Combat | 3 4 |  4.9
Shields        | 1 4 |  4.1
Fighting       | |  5.0
Staves         | |  2.0
Evocations     | |  2.1

Action                   |  1- 3 |  4- 6 |  7- 9 || total
-------------------------+-------+-------+-------++-------
Melee: Quarterstaff      |    56 |   126 |    29 ||   211
       Constrict         |    12 |    32 |    19 ||    63
       Tentacles         |     8 |    29 |    25 ||    62
       Flail             |       |       |    57 ||    57
       Punch             |       |       |     5 ||     5
Throw: Tomahawk          |       |     1 |     7 ||     8
Evoke: Wand              |       |       |     3 ||     3
  Use: Scroll            |       |     6 |     1 ||     7
 Stab: Sleeping          |    10 |    13 |     3 ||    26
  Eat: Chunk             |       |     5 |     2 ||     7
Armor: Skin              |     4 |     5 |    22 ||    31
Dodge: Dodged            |    32 |    78 |    85 ||   195
Block: Buckler           |       |       |     3 ||     3

Table legend:
 A = Spawn XP
 B = Non-spawn XP
 C = Spawn XP percentage of total XP
 D = Spawn monster count
 E = Non-spawn monster count
 F = Spawn count percentage of total count
 G = Total turns spent on level
                    A         B        C        D         E        F      G
               +---------+---------+-------+---------+---------+-------+---------
         Total |       0 |    2139 |   0.0 |       0 |     133 |   0.0 |  4446
               +---------+---------+-------+---------+---------+-------+---------
           D:1 |       0 |      59 |   0.0 |       0 |      23 |   0.0 |   690
           D:2 |       0 |      92 |   0.0 |       0 |      27 |   0.0 |   913
           D:3 |       0 |     248 |   0.0 |       0 |      28 |   0.0 |   740
           D:4 |       0 |     372 |   0.0 |       0 |      28 |   0.0 |   901
           D:5 |       0 |     633 |   0.0 |       0 |      12 |   0.0 |   961
           D:6 |       0 |     735 |   0.0 |       0 |      15 |   0.0 |   241
               +---------+---------+-------+---------+---------+-------+---------
